 Dungeon Crawl Stone Soup version 0.25-a0-591-g2ad0d861f1 (webtiles) character file.

Game seed: 10397551429569271782, levelgen mode: deterministic

133 Devinter the Slasher (level 4, 0/38 HPs)
             Began as a Draconian Warper on Mar 14, 2020.
             Was a Follower of Zin.
             Slain by Natasha (7 damage)
             ... on level 2 of the Dungeon.
             The game lasted 00:12:42 (1936 turns).

Devinter the Slasher (Draconian Warper)             Turns: 1936, Time: 00:12:42

Health: 0/38       AC:  7    Str: 13    XL:     4   Next: 93%
Magic:  7/7        EV: 12    Int: 15    God:    Zin [*.....]
Gold:   33         SH:  0    Dex: 10    Spells: 6/8 levels left

rFire    + . .     SeeInvis .   s - +0 long sword
rCold    . . .     Gourm    .   (no shield)
rNeg     . . .     Faith    .   (armour unavailable)
rPois    .         Spirit   .   (helmet restricted)
rElec    .         Reflect  .   k - +0 cloak
rCorr    .         Harm     .   (no gloves)
MR       .....                  q - +0 pair of boots
Stlth    +.........             (no amulet)
HPRegen  0.12/turn              l - ring of protection from fire
MPRegen  0.10/turn              (no ring)

@: mighty
A: unfitting armour, cold-blooded, AC +5
a: Recite, Donate Gold, Renounce Religion


You were on level 2 of the Dungeon.
You worshipped Zin.
Zin was aware of your devotion.
You were hungry.

You visited 1 branch of the dungeon, and saw 2 of its levels.

You collected 36 gold pieces.
You donated 3 gold pieces to Zin.

Inventory:

Hand Weapons
 a - a +0 falchion
 s - a +0 long sword (weapon)
Missiles
 b - 33 bolts
 d - 5 boomerangs of dispersal (quivered)
 h - 49 sling bullets
 o - 15 arrows
Armour
 k - a +0 cloak (worn)
 q - a +0 pair of boots (worn)
Jewellery
 l - a ring of protection from fire (left hand)
Scrolls
 c - a scroll of blinking
 g - a scroll of fear {unknown}
 i - 2 scrolls of teleportation {unknown}
 j - a scroll of remove curse {unknown}
 m - a scroll of immolation {unknown}
Potions
 e - a potion of flight {unknown}
 n - 3 potions of curing {unknown}
 p - 2 potions of might
 r - a potion of heal wounds {unknown}
Comestibles
 f - 7 rations


   Skills:
 + Level 3.0 Fighting
 * Level 3.2 Long Blades
 + Level 1.7 Throwing
 + Level 2.7 Dodging
 + Level 2.5 Spellcasting
 - Level 3.0 Translocations
 + Level 1.0 Invocations


You had 6 spell levels left.
You knew the following spells:

 Your Spells              Type           Power        Failure   Level  Hunger
a - Blink                 Tloc           N/A          10%         2    ###....

Your spell library contained the following spells:

 Spells                   Type           Power        Failure   Level  Hunger
 Shroud of Golubria       Chrm/Tloc      #.....       17%         2    ###....
 Gell's Gravitas          Tloc           ##........   19%         3    ###....
 Lesser Beckoning         Tloc           ##........   19%         3    ###....
 Teleport Other           Tloc           ##......     19%         3    ###....
 Passage of Golubria      Tloc           N/A          52%         4    #####..


Dungeon Overview and Level Annotations

Branches:
Dungeon (2/15)

Altars:
Fedhas
Zin

Annotations:
D:2 Natasha


Innate Abilities, Weirdness & Mutations

Your plain brown scales are hard. (AC +5)
You cannot fit into any form of body armour.
You are cold-blooded and may be slowed by cold attacks.


Message History

You barely miss Terence.
Terence is almost dead.
Terence hits you with a cursed -1 mace.
* * * LOW HITPOINT WARNING * * *
You hit Terence but do no damage.
Terence is almost dead.
Terence hits you but does no damage.
You hit Terence.
You kill Terence!
Your Fighting skill increases to level 3!
Your Invocations skill increases to level 1!
Natasha, Servant of Life and Death comes into view.
Unknown command.
You start resting.
Natasha is too close now for your liking.
Natasha hisses angrily.
It was a potion of might.
You feel very mighty all of a sudden. Natasha claws you!
You die...

######### #.......#######
#.#####.##.##.## #.#
#......#.## #.#
#.....###.## #.#
#.#....#...#
##.#####.#..##@##.#
###........#..##h##.####
#.....######...........#
.............###.##.##.#
....#######..# #.......#
.....## #........h#).#
...)..#####..#####.....#
........[...... .........
......#####...####..).....


You could see Natasha.

Vanquished Creatures
  Natasha (D:2)
  Terence (D:2)
  Robin (D:1)
  An ooze (D:2)
  A worm (D:2)
  A leopard gecko (D:1)
  8 bats
  3 giant cockroaches (D:2)
  12 goblins
  10 hobgoblins
  6 jackals (D:2)
  6 kobolds
  A quokka (D:2)
  3 frilled lizards
  5 rats
60 creatures vanquished.

Notes
Turn   | Place    | Note
-------+----------+-------------------------------------------
     0 | D:1      | Devinter the Draconian Warper began the quest for the Orb.
     0 | D:1      | Reached XP level 1. HP: 17/17 MP: 3/3
   120 | D:1      | Reached skill level 1 in Throwing
   319 | D:1      | Reached XP level 2. HP: 14/25 MP: 5/5
   493 | D:1      | Learned a level 2 spell: Blink
  1014 | D:2      | Noticed Robin
  1031 | D:2      | Reached XP level 3. HP: 26/30 MP: 6/6
  1051 | D:1      | Killed Robin
  1337 | D:2      | Found a faded altar of an unknown god.
  1357 | D:2      | Became a worshipper of Zin the Law-Giver
  1357 | D:2      | Reached * piety under Zin
  1376 | D:2      | Noticed Natasha
  1393 | D:2      | Killed Natasha
  1393 | D:2      | Reached XP level 4. HP: 12/37 MP: 7/7
  1626 | D:2      | Reached skill level 3 in Long Blades
  1705 | D:2      | Found a blossoming altar of Fedhas.
  1890 | D:2      | Noticed Terence
  1919 | D:2      | Killed Terence
  1919 | D:2      | Reached skill level 3 in Fighting
  1919 | D:2      | Reached skill level 1 in Invocations
  1919 | D:2      | Noticed Natasha
  1936 | D:2      | Slain by Natasha

Levels and vault maps discovered:
D:1:      lightli_arrival_windingriver, layout_basic, serial_glass,
          glass_columns_b, glass_columns_b, minmay_misc_feat_alley, st_stairs_10
D:2:      layout_loops_ring, vehumet_crystals, chequers_ecumenical_altar_simple,
          fedhas_altar_3, uniq_natasha, uniq_robin, uniq_terence

Skill      XL: |  1  2  3  4 |
---------------+-------------+-----
Throwing       | 1 |  1.7
Long Blades    | 3 |  3.2
Fighting       | 3 |  3.0
Invocations    | 1 |  1.0
Dodging        | |  2.7
Spellcasting   | |  2.5
Translocations | |  3.0

Action                   |  1- 3 |  4- 6 || total
-------------------------+-------+-------++-------
Melee: Falchion          |   118 |    51 ||   169
       Tailslap          |    12 |     9 ||    21
       Long sword        |       |    58 ||    58
Invok: Recite            |     1 |     1 ||     2
  Use: Potion            |       |     1 ||     1
  Eat: Chunk             |     1 |     2 ||     3
Armor: Skin              |    26 |    56 ||    82
Dodge: Dodged            |    79 |    78 ||   157
       Rpst.: Falchion   |    25 |    12 ||    37
       Long sword        |       |    10 ||    10

Table legend:
 A = Non-vault XP
 B = Vault XP
 C = Vault XP percentage of total XP
 D = Non-vault monster count
 E = Vault monster count
 F = Vault count percentage of total count
                 A         B        C        D         E       F
            +---------+---------+-------+---------+---------+-------
      Total |      83 |     107 |  56.3 |      45 |      15 |  25.0
            +---------+---------+-------+---------+---------+-------
        D:1 |      25 |      22 |  46.8 |      16 |       4 |  20.0
        D:2 |      58 |      85 |  59.4 |      29 |      11 |  27.5
            +---------+---------+-------+---------+---------+-------
